 Dungeon Crawl Stone Soup version 0.22.1-2-g9c5b331383 (webtiles) character file.

17104 Marnok the Basher (level 12, 0/106 HPs)
             Began as a Hill Orc Fighter on Nov 23, 2018.
             Was a Follower of Uskayaw.
             Slain by a catoblepas (2 damage)
             ... on level 3 of the Lair of Beasts.
             The game lasted 01:02:28 (9576 turns).

Marnok the Basher (Hill Orc Fighter)                Turns: 9576, Time: 01:02:29

Health: 0/106      AC: 19    Str: 25    XL:     12   Next: 44%
Magic:  10/12      EV:  2    Int: 16    God:    Uskayaw [*.....]
Gold:   265        SH:  0    Dex: 12    Spells: 11/11 levels left

rFire    x . .     SeeInvis .   G - +5 flail of Peace {drain, Int+8 Dex-4}
rCold    . . .     Gourm    .   c - +0 shield
rNeg     + + +     Faith    .   o - +2 plate armour
rPois    ∞         Spirit   .   (no helmet)
rElec    +         Reflect  .   (no cloak)
rCorr    .         Harm     .   M - +2 pair of gloves "Rogydu" {rElec rPois rF- Str+2}
MR       .....                  (no boots)
Stlth    ..........             (no amulet)
HPRegen  0.27/turn              (no ring)
MPRegen  0.13/turn              (no ring)

@: agile, petrified, berserk cooldown
A: no striking features
a: Stomp, Renounce Religion


You were on level 3 of the Lair of Beasts.
You worshipped Uskayaw.
Uskayaw was noncommittal.
You were very hungry.

You visited 2 branches of the dungeon, and saw 12 of its levels.

You collected 265 gold pieces.

Inventory:

Hand Weapons
 a - a +1 war axe
 b - a +0 dagger of electrocution
 r - a +1 long sword of draining
 s - a +3 battleaxe
 u - a +3 great sword
 z - a +4 long sword
 E - a +3 mace
 G - the +5 flail of Peace (weapon) {drain, Int+8 Dex-4}
   (You found it on level 5 of the Dungeon)

   A truly terrible weapon, it drains the life of those it strikes.
   It affects your intelligence (+8).
   It affects your dexterity (-4).
 I - a +4 dire flail of crushing
Missiles
 i - 19 poisoned needles
 k - 6 exploding tomahawks (quivered)
 A - 2 throwing nets
Armour
 c - a +0 shield (worn)
 o - a +2 plate armour (worn)
 M - the +2 pair of gloves "Rogydu" (worn) {rElec rPois rF- Str+2}
   (You found it on level 7 of the Dungeon)

   It affects your strength (+2).
   It makes you vulnerable to fire.
   It insulates you from electricity.
   It protects you from poison.
Magical Staves
 B - an uncursed staff of death {unknown}
Jewellery
 t - a +3 amulet of reflection
 H - a cursed amulet of inaccuracy {unknown}
 J - a +3 amulet of reflection
Wands
 e - a wand of paralysis (30)
 D - a wand of flame (59)
 L - a wand of disintegration (3)
Scrolls
 g - 3 scrolls of immolation
 j - 4 scrolls of remove curse
 l - 3 scrolls of identify
 y - a scroll of amnesia
Potions
 m - 2 potions of lignification
 q - 2 potions of degeneration
 v - 6 potions of flight
 C - a potion of berserk rage
Miscellaneous
 x - a sack of spiders
Comestibles
 d - 8 chunks of flesh
 f - 14 rations


   Skills:
 + Level 9.9 Fighting
 + Level 8.8(12.0) Axes
 + Level 11.3(12.1) Maces & Flails
 + Level 0.1 Throwing
 + Level 9.1 Armour
 + Level 1.7 Dodging
 + Level 5.0 Stealth
 + Level 11.2 Shields


You had 11 spell levels left.
You didn't know any spells.
Your spell library was empty.

Dungeon Overview and Level Annotations

Branches:
Dungeon (8/15)             Temple (0/1) D:7            Lair (4/6) D:8
  Snake (0/4) Lair:3
  Swamp: Lair:2-4    Shoals: Lair:2-4

Altars:
Gozag
Kikubaaqudgha
Trog
Uskayaw
Xom
Yredelemnul


Message History

The catoblepas gores you but does no damage.
You are engulfed in calcifying dust.
You are feeling very hungry.
The catoblepas gores you.
The dire elephant is no longer petrified.
The catoblepas gores you!
* * * LOW HITPOINT WARNING * * *
The dire elephant tramples you.
* * * LOW HITPOINT WARNING * * *
You are shoved backwards!
The dire elephant tramples you but does no damage.
The dire elephant trunk-slaps you but does no damage.
The catoblepas gores you.
* * * LOW HITPOINT WARNING * * *
The dire elephant tramples you!
* * * LOW HITPOINT WARNING * * *
You hold your ground!
The dire elephant trunk-slaps you but does no damage.
The catoblepas gores you.
You die...

###### ##########
##≈≈≈≈###≈≈≈≈≈≈Y8#
#≈÷≈≈≈≈##≈≈#≈≈.Y@#
≈≈≈♣.≈≈≈#≈≈##≈.(|#
≈≈####≈≈≈≈##.≈≈.8#
### ###
############# ###
####P##
♣♣♣#.####.##...
♣##♣#♣♣#♣##♣#♣#
♣..............
≈≈≈♣≈≈♣♣≈≈≈≈P.♣♣♣
♣..........##.
≈≈≈≈≈≈≈≈≈≈≈≈≈...♣♣
♣........####.
≈≈≈≈P≈≈≈≈≈≈≈≈≈..P♣
♣........#P...


You could see a dire elephant and a catoblepas.

Vanquished Creatures
  6 elephants (Lair:3)
  2 black mambas
  4 spiny frogs
  4 rime drakes
  4 komodo dragons
  A polar bear (Lair:3)
  11 blink frogs
  6 hippogriffs
  Sigmund (D:6)
  8 yaks
  A spriggan (D:7)
  A wyvern (Lair:1)
  A hungry ghost (D:7)
  A naga (Lair:3)
  Edmund (D:5)
  2 wargs (D:8)
  5 water moccasins
  6 porcupines
  Duvessa (D:5)
  2 sky beasts
  An orc warrior (D:7)
  A black bear (Lair:3)
  An ogre (D:5)
  15 wolves
  2 necrophages
  4 centaurs
  6 crocodiles
  A big kobold (D:7)
  4 bullfrogs
  A water moccasin skeleton (D:7)
  Dowan (D:5)
  3 wights (D:7)
  2 howler monkeys
  A vampire bat (D:2)
  4 crimson imps
  2 jellies (D:5)
  6 orc priests
  6 hounds
  2 bullfrog skeletons
  An iguana (D:4)
  11 orc wizards
  5 worker ants
  2 hound skeletons
  A howler monkey skeleton (D:6)
  7 adders
  3 gnolls (D:7)
  4 shadow imps
  3 oozes
  An adder skeleton (D:5)
  An adder zombie (D:5)
  A worm (D:2)
  2 dart slugs
  4 leopard geckos
  28 orcs
  A ball python (D:7)
  5 bat skeletons (D:2)
  2 bat zombies (D:2)
  6 giant cockroaches
  7 goblins
  10 hobgoblins
  7 jackals
  4 quokkas
  7 bats
  3 frilled lizards
  10 kobolds
  9 rats
276 creatures vanquished.

Vanquished Creatures (others)
  4 fungi
  2 plants
  10 toadstools (Lair:3)
16 creatures vanquished.

Grand Total: 292 creatures vanquished

Notes
Turn   | Place    | Note
-------+----------+-------------------------------------------
     0 | D:1      | Marnok the Hill Orc Fighter began the quest for the Orb.
     0 | D:1      | Reached XP level 1. HP: 19/19 MP: 1/1
   184 | D:1      | Reached XP level 2. HP: 27/27 MP: 2/2
   704 | D:3      | Reached XP level 3. HP: 31/33 MP: 3/3
   806 | D:2      | Found a faded altar of an unknown god.
  1158 | D:2      | Found an ancient bone altar of Kikubaaqudgha.
  1167 | D:2      | Reached XP level 4. HP: 36/41 MP: 4/4
  1275 | D:3      | Found a basalt altar of Yredelemnul.
  1416 | D:4      | Reached XP level 5. HP: 43/47 MP: 5/5
  1502 | D:3      | Found a shimmering altar of Xom.
  1535 | D:3      | Found a hide-covered altar of Uskayaw.
  1575 | D:3      | Became a worshipper of Uskayaw the Reveler
  1657 | D:3      | Reached * piety under Uskayaw
  1659 | D:3      | Reached ** piety under Uskayaw
  1697 | D:3      | Found an opulent altar of Gozag.
  1729 | D:3      | You fall through a shaft for 2 floors!
  1729 | D:5      | Entered Level 5 of the Dungeon
  1737 | D:5      | Noticed a necrophage
  1773 | D:4      | Reached skill level 5 in Axes
  1774 | D:4      | Reached *** piety under Uskayaw
  1847 | D:4      | Found a bloodstained altar of Trog.
  1877 | D:3      | Reached XP level 6. HP: 40/55 MP: 6/6
  2052 | D:4      | Reached skill level 5 in Shields
  2481 | D:5      | Killed a necrophage
  2481 | D:5      | Reached skill level 5 in Fighting
  2490 | D:5      | Reached XP level 7. HP: 58/61 MP: 7/7
  2494 | D:5      | Reached **** piety under Uskayaw
  2561 | D:5      | Noticed Dowan
  2576 | D:5      | Noticed Duvessa
  2577 | D:5      | Killed Dowan
  2584 | D:5      | Reached ***** piety under Uskayaw
  2593 | D:5      | Killed Duvessa
  2732 | D:5      | Reached skill level 1 in Stealth
  2984 | D:5      | Reached XP level 8. HP: 41/70 MP: 4/8
  3152 | D:5      | Got a transparent flail
  3400 | D:5      | Noticed Edmund
  3414 | D:5      | Killed Edmund
  3429 | D:5      | Identified the +5 flail of Peace {drain, Int+8 Dex-4} (You
                  | found it on level 5 of the Dungeon)
  3586 | D:7      | Reached skill level 1 in Dodging
  3642 | D:7      | Reached skill level 1 in Maces & Flails
  3983 | D:7      | Found a staircase to the Ecumenical Temple.
  3988 | D:7      | Noticed a hippogriff
  3990 | D:7      | Reached skill level 5 in Armour
  4000 | D:7      | Reached XP level 9. HP: 75/78 MP: 9/9
  4015 | D:7      | Reached ****** piety under Uskayaw
  4067 | D:7      | Got a pair of smoking gloves
  4073 | D:7      | Identified the +2 pair of gloves "Rogydu" {rElec rPois rF-
                  | Str+2} (You found it on level 7 of the Dungeon)
  4273 | D:7      | Reached skill level 5 in Maces & Flails
  4753 | D:6      | Noticed Sigmund
  4768 | D:6      | Killed Sigmund
  5228 | D:7      | Reached XP level 10. HP: 75/86 MP: 10/10
  5317 | D:8      | Found a staircase to the Lair.
  5392 | Lair:1   | Entered Level 1 of the Lair of Beasts
  5623 | Lair:1   | Noticed a spiny frog
  5632 | Lair:1   | Killed a spiny frog
  5694 | Lair:1   | Noticed a black mamba
  5705 | Lair:1   | Killed a black mamba
  6131 | Lair:1   | Reached XP level 11. HP: 80/94 MP: 11/11
  7283 | Lair:2   | Reached skill level 10 in Maces & Flails
  7303 | Lair:2   | Reached skill level 10 in Shields
  8484 | Lair:3   | Reached XP level 12. HP: 62/104 MP: 12/12
  9065 | Lair:3   | Found a staircase to the Snake Pit.
  9421 | Lair:3   | Found a runed door.
  9478 | Lair:3   | Reached skill level 5 in Stealth
  9493 | Lair:3   | Noticed a catoblepas
  9493 | Lair:3   | Noticed a dire elephant
  9573 | Lair:3   | HP: 5/106 [dire elephant (2)]
  9575 | Lair:3   | HP: 2/106 [dire elephant (3)]
  9576 | Lair:3   | Slain by a catoblepas

Skill      XL: |  1  2  3  4  5  6  7  8  9 10 11 12 |
---------------+-------------------------------------+-----
Fighting       | 4 5 6 7 8 9 |  9.9
Axes           | 4 5 6 7 8 |  8.8
Shields        | 4 5 6 8 9 10 11 | 11.2
Armour         | 4 5 6 8 9 |  9.1
Stealth        | 1 2 3 4 5 |  5.0
Dodging        | 1 |  1.7
Maces & Flails | 3 7 9 10 11 | 11.3
Throwing       | |  0.1

Action                   |  1- 3 |  4- 6 |  7- 9 | 10-12 || total
-------------------------+-------+-------+-------+-------++-------
Melee: War axe           |   111 |   157 |   134 |       ||   402
       Flail             |       |       |   255 |   464 ||   719
Throw: Tomahawk          |       |       |       |     1 ||     1
Invok: Stomp             |       |       |     1 |     1 ||     2
       Line Pass         |       |       |       |     1 ||     1
Evoke: Wand              |       |       |       |     2 ||     2
  Use: Scroll            |       |     5 |     7 |     9 ||    21
       Potion            |       |     1 |     4 |    12 ||    17
 Stab: Paralysed         |       |     2 |    12 |    25 ||    39
       Petrified         |       |       |       |     4 ||     4
  Eat: Ration            |     1 |     1 |     3 |     3 ||     8
       Chunk             |       |       |       |     2 ||     2
Armor: Scale mail        |    16 |       |       |       ||    16
       Plate armour      |    57 |   118 |   200 |   298 ||   673
Dodge: Dodged            |    29 |    25 |    77 |   106 ||   237
Block: Shield            |    75 |   102 |   207 |   271 ||   655
